 Dungeon Crawl Stone Soup version 0.26-a0-1033-gd598b01645 (webtiles) character file.

Game seed: 13156248445526890790

24 Baldric the Skirmisher (level 3, -1/29 HPs)
             Began as a Human Berserker on Dec 10, 2020.
             Was a Follower of Trog.
             Slain by a hobgoblin (2 damage)
             ... on level 2 of the Dungeon.
             The game lasted 00:02:38 (553 turns).

Baldric the Skirmisher (Human Berserker)             Turns: 553, Time: 00:02:38

Health: -1/29      AC:  2    Str: 18    XL:     3   Next: 15%
Magic:  3/3        EV: 12    Int:  7    God:    Trog [*.....]
Gold:   73         SH:  0    Dex: 12    Spells: 2/2 levels left

rFire    . . .     SeeInvis .   a - +0 falchion
rCold    . . .     Faith    .   (no shield)
rNeg     . . .     Spirit   .   f - +0 robe
rPois    .         Reflect  .   (no helmet)
rElec    .         Harm     .   (no cloak)
rCorr    .         Rampage  .   (no gloves)
Will     .....                  (no boots)
Stlth    +.........             (no amulet)
HPRegen  0.09/turn              (no ring)
MPRegen  0.08/turn              (no ring)

@: no status effects
A: no striking features
a: Berserk, Renounce Religion


You were on level 2 of the Dungeon.
You worshipped Trog.
Trog was aware of your devotion.
You visited 1 branch of the dungeon, and saw 2 of its levels.

You collected 73 gold pieces.

Inventory:

Hand Weapons
 a - a +0 falchion (weapon)
Armour
 b - a +0 animal skin
 f - a +0 robe (worn)
Scrolls
 c - a scroll of identify {unknown}
 d - a scroll of teleportation {unknown}
 e - a scroll of remove curse {unknown}
 g - a scroll of magic mapping {unknown}


   Skills:
 + Level 3.6 Fighting
 + Level 3.3 Long Blades
 + Level 2.1 Armour
 + Level 2.1 Dodging


You had 2 spell levels left.
You didn't know any spells.
Your spell library was empty.

Dungeon Overview and Level Annotations

Branches:
Dungeon (2/15)

Altars:


Message History

You see here 16 gold pieces.
The frilled lizard hisses angrily.
A goblin comes into view. It is wielding a +0 club.
The goblin shouts!
The jackal barely misses you. The jackal bites you.
* * * LOW HITPOINT WARNING * * *
You hit the jackal.
The jackal is moderately wounded.
A bat comes into view.
The jackal bites you.
* * * LOW HITPOINT WARNING * * *
The hobgoblin hits you but does no damage.
The jackal barely misses you.
The bat moves out of view.
You barely miss the jackal.
The jackal is moderately wounded.
The jackal misses you.
You riposte.
You closely miss the jackal.
The jackal is moderately wounded.
The hobgoblin hits you.
You die...

#..#.#.##...............
........)..#######..####
#..........# ##.# #
..?....#..(# #.# #
..(..(.#...# #.. #
...........# ##.# #
........#..# .# #
....l.g$#.#..) .. #
......#@h.#..h.. #
......#..#...... #
.......$.#.#.##.
........#... #
..##....#.#..
...g....... ..#
#...##..... .. ...## ...
... . .## #... #..


You could see a jackal, a hobgoblin, a goblin and a frilled lizard.

Vanquished Creatures
  An adder (D:2)
  3 bats (D:1)
  3 goblins
  3 hobgoblins (D:1)
  A frilled lizard (D:1)
  A kobold (D:2)
  4 rats
16 creatures vanquished.

Notes
Turn   | Place    | Note
-------+----------+-------------------------------------------
     0 | D:1      | Baldric the Human Berserker began the quest for the Orb.
     0 | D:1      | Reached XP level 1. HP: 18/18 MP: 1/1
   282 | D:1      | Reached XP level 2. HP: 17/24 MP: 2/2
   509 | D:2      | Reached XP level 3. HP: 3/29 MP: 3/3
   552 | D:2      | HP: 1/29 [jackal (2)]
   553 | D:2      | Slain by a hobgoblin

Illustrated notes

Levels and vault maps discovered:
D:1:      nicolae_arrival_washed_ashore, layout_basic
D:2:      layout_basic, hangedman_decor_peaks_small, uniq_natasha

Action                   || total
-------------------------++-------
Melee: Falchion          ||    50
Armor: Animal skin       ||     8
       Robe              ||     4
Dodge: Dodged            ||    42
       Rpst.: Falchion   ||    13

Table legend: (Time is in decaauts)
 A = Elapsed time spent in this place.
 B = Non-inter-level travel time spent in this place.
 C = Inter-level travel time spent in this place.
 D = Time resting spent in this place.
 E = Time spent auto-exploring this place.
 F = Levels seen in this place.
 G = Mean time per level.
                   A        B        C        D        E       F      G
               +--------+--------+--------+--------+--------+-----+--------+
         Total |    560 |    560 |      0 |      0 |      0 |   2 |  280.0 |
       Dungeon |    560 |    560 |      0 |      0 |      0 |   2 |  280.0 |
               +--------+--------+--------+--------+--------+-----+--------+

Top non-repeatable levels by time:
     D:1: 470 daAuts
     D:2: 89 daAuts
